 Dungeon Crawl Stone Soup version 0.30.1-11-g7821555f0a (webtiles) character file.

Game seed: 14481823623970055742

62566 Peloso the Fencer (level 14, -1/198 HPs)
             Began as a Minotaur Fighter on Nov 13, 2023.
             Was the Champion of Okawaru.
             Slain by a quicksilver dragon (shapeshifter) (3 damage)
             ... on level 5 of the Lair of Beasts.
             The game lasted 00:44:41 (23152 turns).

Peloso the Fencer (Minotaur Fighter)               Turns: 23152, Time: 00:44:42

Health: -1/198     AC: 27    Str: 21    XL:     14   Next: 64%
Magic:  14/14      EV: 10    Int:  5    God:    Okawaru [******]
Gold:   1670       SH: 15    Dex: 15    Spells: 13/13 levels left

rFire   + + +        a - +2 scimitar (heavy)
rCold   + . .        p - +2 kite shield {AC+3}
rNeg    . . .        Y - +2 plate armour {rF+}
rPois   +            G - +2 hat
rElec   .            R - scarf {rC+ rF+}
rCorr   .            C - +2 pair of gloves
SInv    .            (no boots)
Will    +....        j - amulet of the acrobat Stlth
                     P - ring of poison resistance
HPRegen 0.53/turn    x - ring of protection from fire
MPRegen 0.14/turn

%: acrobat
@: berserking, very quick
A: horns 2, retaliatory headbutt
a: Renounce Religion, Heroism, Finesse, Duel


You were on level 5 of the Lair of Beasts.
You worshipped Okawaru.
Okawaru was exalted by your worship.
You visited 4 branches of the dungeon, and saw 20 of its levels.
You also visited: Volcano.

You collected 2154 gold pieces.
You spent 484 gold pieces at shops.

Inventory:

Hand Weapons
 a - a +2 heavy scimitar (weapon)
 b - a +0 long sword of draining
 c - a +0 falchion of flaming
Armour
 p - a +2 kite shield of protection (worn)
 s - the scarf of Valour {repulsion, +Inv Str-4 Int-5 Dex+9}
   (Okawaru gifted it to you on level 4 of the Lair of Beasts)

   Str:       It affects your strength (-4).
   Int:       It affects your intelligence (-5).
   Dex:       It affects your dexterity (+9).
   +Inv:      It lets you turn invisible.
 y - a +2 chain mail of cold resistance
 C - a +2 pair of gloves (worn)
 G - a +2 hat (worn)
 R - a scarf of resistance (worn)
 Y - a +2 plate armour of fire resistance (worn)
 Z - +0 fire dragon scales
Jewellery
 j - an amulet of the acrobat (around neck)
 m - a +6 ring of strength
 x - a ring of protection from fire (right hand)
 L - a ring of positive energy
 O - an amulet of guardian spirit
 P - a ring of poison resistance (left hand)
 U - an amulet of faith
 V - a ring of ice
 W - a ring of protection from cold
Wands
 q - a wand of paralysis (12)
 t - a wand of quicksilver (13)
 B - a wand of mindburst (35)
 F - a wand of roots (16)
 I - a wand of digging (13)
 Q - a wand of flame (24)
Scrolls
 e - 3 scrolls of brand weapon
 f - 5 scrolls of enchant armour {unknown}
 g - 2 scrolls of poison
 i - 4 scrolls of noise {unknown}
 l - 3 scrolls of enchant weapon {unknown}
 o - 7 scrolls of teleportation
 v - 2 scrolls of magic mapping
 w - a scroll of fear
 z - 3 scrolls of blinking {unknown}
 D - 2 scrolls of torment {unknown}
 H - 2 scrolls of fog {unknown}
 J - 5 scrolls of amnesia {unknown}
 M - a scroll of acquirement {unknown}
 N - 3 scrolls of identify
Potions
 d - 3 potions of might
 h - 8 potions of ambrosia
 k - 3 potions of lignification
 n - 3 potions of magic
 r - 3 potions of cancellation
 u - a potion of flight
 A - 9 potions of curing
 E - 7 potions of brilliance
 K - 5 potions of resistance
 S - 3 potions of haste
 T - 2 potions of berserk rage
 X - 2 potions of invisibility


   Skills:
 + Level 14.3 Fighting
 + Level 15.9 Long Blades
 + Level 15.6 Armour
 + Level 7.8 Dodging
 + Level 2.6 Stealth
 + Level 14.9 Shields
 + Level 0.1 Unarmed Combat
 + Level 2.4 Invocations
 + Level 0.6 Evocations


You had 13 spell levels left.
You didn't know any spells.
Your spell library contained the following spells:

 Spells                   Type           Power      Damage    Failure   Level
 Beastly Appendage        Tmut           0%         N/A       100%        1
 Foxfire                  Conj/Fire      0%         2x1d4     100%        1
 Freeze                   Ice            0%         1d3       100%        1
 Magic Dart               Conj           0%         1d3       100%        1
 Lesser Beckoning         Tloc           0%         N/A       100%        2
 Searing Ray              Conj           0%         2d4       100%        2
 Wereblood                Tmut           0%         N/A       100%        2
 Dazzling Flash           Conj/Hex       0%         N/A       100%        3
 Ignite Poison            Fire/Tmut/Pois 0%         N/A       100%        3
 Inner Flame              Hex/Fire       0%         N/A       100%        3
 Spider Form              Tmut/Pois      0%         N/A       100%        3
 Vhi's Electric Charge    Tloc/Air       0%         N/A       100%        3
 Fulminant Prism          Conj/Hex       0%         3d5       100%        4
 Leda's Liquefaction      Hex/Erth       0%         N/A       100%        4
 Sticky Flame             Conj/Fire      0%         2d3       100%        4
 Agony                    Necr           0%         N/A       100%        5
 Alistair's Intoxication  Tmut/Pois      0%         N/A       100%        5
 Arcjolt                  Conj/Air       0%         1d10      100%        5
 Borgnjor's Vile Clutch   Necr/Erth      0%         N/A       100%        5
 Fireball                 Conj/Fire      0%         3d3       100%        5
 Metabolic Englaciation   Hex/Ice        0%         N/A       100%        5
 Silence                  Hex/Air        0%         N/A       100%        5
 Eringya's Noxious Bog    Tmut/Pois      0%         N/A       100%        6
 Plasma Beam              Fire/Air       0%         2x1d11    100%        6
 Starburst                Conj/Fire      0%         6d3       100%        6
 Storm Form               Tmut/Air       0%         N/A       100%        7
 Ignition                 Fire           0%         3d3       100%        8


Dungeon Overview and Level Annotations

Branches:
Dungeon (12/15)            Temple (1/1) D:5            Lair (5/5) D:8
  Swamp (0/4) Lair:3       Spider (0/4) Lair:3        Slime (0/5) Lair:4
    Orc (2/2) D:9             Elf (0/3) Orc:2       Volcano (visited)

Altars:
Ashenzari
Elyvilon
Fedhas
Hepliaklqana
Kikubaaqudgha
Makhleb
Nemelex Xobeh
Okawaru
Qazlal
Ru
Sif Muna
Uskayaw
Vehumet
Wu Jian
Xom
Yredelemnul
Zin
The Shining One

Shops:
D:1 *   D:2 ?==[   D:4 (   D:10 =   Orc:1 *   Orc:2 ?(*(

Annotations:
D:4 1 runed translucent door, vvlvvlvvl's ghost, amateur GrFi
D:5 3 runed translucent doors, billyroblox's ghost, novice MiBe
D:10 Dig
D:12 1 runed translucent door, Kagerus's ghost, journeyman MfGl
Lair:1 exclusion: 3 oklob plants
Lair:3 2 transporters, exclusion: oklob plant, Voland's ghost, journeyman TeAE
Lair:4 2 transporters
Orc:2 3 runed translucent doors, unrecovered's ghost, journeyman TrBe


Innate Abilities, Weirdness & Mutations

You have a pair of horns on your head.
You reflexively headbutt those who attack you in melee.


Message History

The bolt of dispelling energy hits you!!
You barely miss the quicksilver dragon.
Your headbutt misses the quicksilver dragon.
The quicksilver dragon is heavily wounded.
You block the quicksilver dragon's attack.
The quicksilver dragon claws you but does no damage.
Unknown command.
You miss the quicksilver dragon.
Your headbutt misses the quicksilver dragon.
The quicksilver dragon is heavily wounded.
The quicksilver dragon bites you but does no damage.
You block the quicksilver dragon's attack.
The basilisk gazes at you.
You easily resist.
The quicksilver dragon breathes dispelling energy at you.
The bolt of dispelling energy hits you!!
* * * LOW HITPOINT WARNING * * *
Okay, then.
Okay, then.
A red film seems to cover your vision as you go berserk!
You feel yourself moving faster!
You feel mighty!
You block the quicksilver dragon's attack. x2
Unknown command.
You miss the quicksilver dragon. You headbutt the quicksilver dragon!
The quicksilver dragon is severely wounded.
You block the quicksilver dragon's attack.
The quicksilver dragon claws you but does no damage.
The quicksilver dragon bites you!
* * * LOW HITPOINT WARNING * * *
The quicksilver dragon claws you but does no damage.
You completely miss the quicksilver dragon.
Your headbutt misses the quicksilver dragon.
The quicksilver dragon is severely wounded.
The quicksilver dragon breathes dispelling energy at you.
The bolt of dispelling energy hits you.
* * * LOW HITPOINT WARNING * * *
You slash the quicksilver dragon! You headbutt the quicksilver dragon.
The quicksilver dragon is almost dead.
The quicksilver dragon bites you.
You die...

............#.......##...#.......
..................##.#...##......
...........##P....##....##.#.....
..........###......##...#####.#..
............#..P####.....####....
...........#....####.#...........
............#...##...#...........
.................................
...............l@................
.................D...............
#..##.P....#.?##.P...............
######.P...#..#..###......##..#..
### ##.....###..###......######.
#.######....##...#........# #.
...^..##...###............#. ##
.......P...##.....##........ #.
...........#......##.....#.. #.


You could see a quicksilver dragon (catching breath) and a basilisk.

Vanquished Creatures
  Saint Roka (Orc:2)
  Gastronok (D:8)
  A fire dragon (Volcano)
  2 hydras
  A two-headed ogre (D:9)
  A catoblepas (Lair:4)
  2 boulder beetles
  3 death yaks
  A hell hog (Volcano)
  A thrashing horror (Lair:5)
  4 orc high priests
  2 skysharks
  A large abomination (Lair:5)
  A death drake (shapeshifter) (Lair:5)
  5 orc knights
  2 deep elf zephyrmancers (D:12)
  A wolf spider (Lair:3)
  An ugly thing (D:10)
  3 orc sorcerers (Orc:2)
  An oklob plant (Lair:5)
  3 black mambas
  9 elephants (Lair:4)
  2 gargoyles (D:10)
  A smoke demon (Lair:5)
  10 cane toads
  A rime drake (Lair:5)
  Psyche (D:8)
  A kobold demonologist (D:7)
  6 komodo dragons
  An ancient zyme (Lair:5)
  A queen bee (D:10)
  4 trolls
  3 polar bears
  11 dream sheep
  A jumping spider (Lair:3)
  19 blink frogs
  10 slime creatures
  A spriggan (shapeshifter) (Lair:5)
  Sigmund (D:7)
  A spriggan (Lair:5)
  A vampire (D:10)
  2 shadows
  3 wraiths
  2 fire bats (Volcano)
  2 wyverns
  63 yaks
  4 basilisks
  Grum (D:11)
  A steam dragon (D:8)
  3 vampire mosquitoes (D:10)
  A redback (Lair:3)
  A two-headed ogre zombie (D:9)
  Edmund (D:7)
  2 wargs
  An acid dragon (D:11)
  7 water moccasins
  5 hell hounds
  28 orc warriors
  2 ice beasts
  13 small abominations (Lair:5)
  A black bear (D:7)
  4 centaurs
  3 wolves (D:11)
  8 ogres
  4 phantoms
  15 bullfrogs
  2 kobold brigands
  3 scorpions
  5 wights (D:7)
  2 troll zombies (D:9)
  24 killer bees
  2 howler monkeys (D:11)
  5 hounds
  3 jellies
  11 orc priests
  A gnoll bouda (Orc:2)
  3 sleepcaps
  8 orc wizards
  7 iguanas
  5 ogre zombies (D:9)
  6 gnolls
  11 adders
  5 river rats
  3 white imps
  2 worms (D:2)
  2 dart slugs
  57 orcs
  7 ball pythons
  3 endoplasms
  3 giant cockroaches (D:3)
  9 goblins
  10 hobgoblins
  23 kobolds
  2 quokkas
  12 bats
  6 frilled lizards
  A goblin skeleton (D:9)
  5 goblin zombies (D:9)
  A hobgoblin skeleton (D:9)
  2 hobgoblin zombies (D:9)
  3 orc skeletons (D:9)
  13 orc zombies (D:9)
  7 rats
574 creatures vanquished.

Vanquished Creatures (others)
  An orc priest (Orc:2)
1 creature vanquished.

Grand Total: 575 creatures vanquished

Notes
Turn   | Place    | Note
-------+----------+-------------------------------------------
     0 | D:1      | Peloso the Minotaur Fighter began the quest for the Orb.
     0 | D:1      | Reached XP level 1. HP: 19/19 MP: 0/0
   294 | D:1      | Reached XP level 2. HP: 27/27 MP: 1/1
   490 | D:1      | Found Vamit's General Store.
   611 | D:2      | Found Wecy's Jewellery Boutique.
   702 | D:2      | Reached XP level 3. HP: 33/33 MP: 2/2
   717 | D:2      | Found Sauppuli's Jewellery Boutique.
   726 | D:2      | Found Xudaenok's Antique Armour Emporium.
   780 | D:2      | Found Tumob's Magic Scroll Emporium.
  1073 | D:2      | Reached skill level 1 in Dodging
  1237 | D:2      | Reached XP level 4. HP: 41/41 MP: 3/3
  1308 | D:3      | Noticed a scorpion
  1319 | D:3      | Killed a scorpion
  1320 | D:3      | Reached XP level 5. HP: 17/47 MP: 4/4
  1799 | D:3      | Found a white marble altar of Elyvilon.
  1857 | D:3      | Found a basalt altar of Yredelemnul.
  2298 | D:3      | Reached skill level 5 in Armour
  2541 | D:4      | Noticed a phantom
  2559 | D:4      | Killed a phantom
  2560 | D:4      | Reached XP level 6. HP: 51/55 MP: 5/5
  2613 | D:4      | Reached skill level 5 in Fighting
  2931 | D:2      | Bought an ichor-stained chain mail for 199 gold pieces
  2931 | D:2      | Identified the +3 chain mail of Disguise {rC++ Will- Int+2}
                  | (You bought it in a shop on level 2 of the Dungeon)
  3039 | D:4      | Found a stormy altar of Qazlal.
  3059 | D:4      | Reached skill level 5 in Long Blades
  3059 | D:4      | Found Dehextod's Antique Weapon Shoppe.
  3164 | D:4      | Found a runed translucent door.
  3173 | D:4      | Noticed vvlvvlvvl's ghost (amateur GrFi)
  3349 | D:5      | Entered Level 5 of the Dungeon
  3382 | D:5      | Reached XP level 7. HP: 40/56 MP: 6/6
  3747 | D:5      | Found a staircase to the Ecumenical Temple.
  3762 | Temple   | Entered the Ecumenical Temple
  3927 | Temple   | Became a worshipper of Warmaster Okawaru
  3950 | D:5      | Noticed billyroblox's ghost (novice MiBe)
  3952 | D:5      | Found a runed translucent gate.
  3952 | D:5      | Found a runed translucent gate.
  3952 | D:5      | Found a runed translucent gate.
  4673 | D:6      | Reached XP level 8. HP: 70/70 MP: 7/7
  4813 | D:6      | Reached * piety under Okawaru
  4982 | D:6      | Reached skill level 5 in Shields
  5102 | D:6      | Found a glowing silver altar of Zin.
  5311 | D:7      | Found an ornate altar of the Wu Jian Council.
  5318 | D:7      | Found a blossoming altar of Fedhas.
  5319 | D:7      | Found a sparkling altar of Nemelex Xobeh.
  5465 | D:7      | Reached ** piety under Okawaru
  5732 | D:7      | Reached XP level 9. HP: 76/79 MP: 8/8
  5834 | D:7      | Noticed Edmund
  5853 | D:7      | Killed Edmund
  5894 | D:7      | Noticed Sigmund
  5902 | D:7      | Killed Sigmund
  6134 | D:8      | Noticed a kobold demonologist
  6139 | D:8      | Noticed a hellwing
  6156 | D:7      | Reached skill level 1 in Stealth
  6364 | D:8      | Noticed a sun demon
  6367 | D:7      | Noticed a smoke demon
  6371 | D:7      | Killed a kobold demonologist
  6372 | D:7      | Reached skill level 10 in Long Blades
  6377 | D:7      | Reached *** piety under Okawaru
  6543 | D:8      | Reached skill level 1 in Invocations
  6544 | D:8      | Identified the +6 flail of Ravage {antimagic, rF+ rN+ SInv}
  6605 | D:8      | Noticed a death yak
  6607 | D:8      | Found a staircase to the Lair.
  6607 | D:8      | Noticed a death yak
  6632 | D:7      | Reached XP level 10. HP: 56/88 MP: 10/10
  7086 | D:8      | Noticed a death yak
  7093 | D:7      | Killed a death yak
  7093 | D:7      | Reached **** piety under Okawaru
  7094 | D:7      | Reached skill level 10 in Armour
  7243 | D:7      | Killed a death yak
  7304 | D:8      | Killed a death yak
  7304 | D:8      | Reached ***** piety under Okawaru
  7419 | D:8      | Noticed Gastronok
  7448 | D:8      | Killed Gastronok
  7659 | D:8      | Reached XP level 11. HP: 37/97 MP: 11/11
  7877 | D:8      | Noticed Psyche
  7885 | D:8      | Killed Psyche
  7886 | D:8      | Found an ancient bone altar of Kikubaaqudgha.
  8318 | D:9      | Noticed a two-headed ogre
  8334 | D:9      | Killed a two-headed ogre
  8339 | D:9      | Identified the +1 glaive "Leviticus" {elec, Int+2} (Okawaru
                  | gifted it to you on level 9 of the Dungeon)
  8339 | D:9      | Received a gift from Okawaru
  8448 | D:9      | Found a staircase to the Orcish Mines.
  8950 | D:10     | Entered Level 10 of the Dungeon
  9197 | D:10     | Found a hazy altar of Hepliaklqana.
  9440 | D:10     | Found Gacal's Jewellery Shoppe.
  9643 | D:10     | Reached skill level 10 in Fighting
  9646 | D:10     | Received a gift from Okawaru
  9899 | D:10     | Reached skill level 5 in Dodging
 10128 | D:10     | Noticed a white ugly thing
 10135 | D:10     | Killed a white ugly thing
 10302 | D:11     | Noticed Grum
 10319 | D:11     | Killed Grum
 10428 | D:11     | Reached XP level 12. HP: 81/107 MP: 12/12
 11141 | Lair:1   | Entered Level 1 of the Lair of Beasts
 11442 | Lair:1   | Received a gift from Okawaru
 11739 | Lair:1   | Reached skill level 10 in Shields
 12287 | Lair:2   | Noticed a boulder beetle
 12310 | Lair:2   | Killed a boulder beetle
 13059 | Lair:3   | Noticed a six-headed hydra
 13070 | Lair:3   | Killed a one-headed hydra
 13178 | Lair:3   | Noticed Voland's ghost (journeyman TeAE)
 13189 | Lair:3   | Found a transporter.
 13210 | Lair:3   | Noticed a boulder beetle
 13230 | Lair:3   | Killed a boulder beetle
 13263 | Lair:3   | Reached skill level 15 in Long Blades
 13263 | Lair:3   | Reached XP level 13. HP: 29/119 MP: 13/13
 13286 | Lair:3   | Received a gift from Okawaru
 13573 | Lair:3   | Found a transporter.
 13605 | Lair:3   | Found a staircase to the Swamp.
 13617 | Lair:3   | Received a gift from Okawaru
 14340 | Lair:3   | Found a hole to the Spider Nest.
 15374 | D:12     | Got the Directory of Combed Thunderclap
 15381 | D:12     | Got the Grimoire of Dhcmrlchtdj
 15397 | D:12     | Got Ts'ui PĂȘn's Encyclopedia of Forking Paths
 15680 | D:12     | Found a runed translucent door.
 15682 | D:12     | Noticed Kagerus's ghost (journeyman MfGl)
 15683 | D:12     | Identified the +6 spear "Yrghailin" {heavy, rPois rF+ Str-5
                  | Dex+3}
 16213 | Orc:1    | Entered Level 1 of the Orcish Mines
 16627 | Orc:2    | Entered Level 2 of the Orcish Mines
 17159 | Orc:2    | Found a staircase to the Elven Halls.
 17676 | Orc:2    | Reached ****** piety under Okawaru
 17705 | Orc:2    | Found a runed translucent gate.
 17706 | Orc:2    | Found a runed translucent gate.
 17706 | Orc:2    | Noticed unrecovered's ghost (journeyman TrBe)
 17707 | Orc:2    | Found a runed translucent gate.
 17985 | Orc:2    | Noticed Saint Roka
 17988 | Orc:2    | Identified the +2 great sword "Emusmenia" {pain, +Blink
                  | rCorr Int+5 Dex-4} (Okawaru gifted it to you on level 2 of
                  | the Orcish Mines)
 17988 | Orc:2    | Received a gift from Okawaru
 18388 | Orc:2    | Killed Saint Roka
 18926 | Orc:2    | Found Tous's Weapon Shoppe.
 18926 | Orc:2    | Found Qarolaal's Magic Scroll Shop.
 18928 | Orc:2    | Found Icrouwud's Weapon Shoppe.
 18928 | Orc:2    | Found Ifothof's Assorted Antiques.
 18937 | Orc:2    | Bought a scroll labelled FENUVA DAHUNG for 33 gold pieces
 18937 | Orc:2    | Bought 2 black potions for 59 gold pieces
 18939 | Orc:2    | Bought a scroll of magic mapping for 105 gold pieces
 19632 | Orc:1    | Reached XP level 14. HP: 129/129 MP: 14/14
 19736 | Orc:1    | Found Zelloes's CLEARANCE SALE!.
 19744 | Orc:1    | Bought a wand of digging (7) for 88 gold pieces
 20066 | Lair:4   | Found a transporter.
 20109 | Lair:4   | Found a dark tunnel.
 20121 | Volcano  | Entered a volcano
 20441 | Volcano  | Identified the +0 helmet of Absolutism {rN+}
 20676 | Lair:4   | Identified the scarf of Valour {repulsion, +Inv Str-4 Int-5
                  | Dex+9} (Okawaru gifted it to you on level 4 of the Lair of
                  | Beasts)
 20676 | Lair:4   | Received a gift from Okawaru
 20943 | Lair:4   | Reached skill level 15 in Armour
 21156 | Lair:4   | Found a transporter.
 21320 | Lair:4   | Found a staircase to the Slime Pits.
 21587 | Lair:5   | Entered Level 5 of the Lair of Beasts
 22718 | Lair:5   | Noticed a quicksilver ooze
 23136 | Lair:5   | Noticed a quicksilver dragon
 23150 | Lair:5   | HP: 7/198 [quicksilver dragon (shapeshifter) (12)]
 23151 | Lair:5   | HP: 2/198 [quicksilver dragon (shapeshifter)/bolt of
                  | dispelling energy (6)]
 23152 | Lair:5   | Slain by a quicksilver dragon (shapeshifter)

Illustrated notes

Levels and vault maps discovered:
D:1:      shiori_shiawase, layout_rooms, serial_shops,
          nicolae_shop_behind_doors, kennysheep_minor_cross
D:2:      layout_rooms, serial_shops, nicolae_shop_statue_plus,
          nicolae_shop_tiny_waterfront, shop_statue, nicolae_shop_waterfront
D:3:      layout_loops_ring, kennysheep_ying_yang, hex_tiny
D:4:      layout_basic, mainiacjoe_overflow_24_doors, serial_shops,
          nicolae_shop_statue_plus, ebering_ghost_reflecting_pool
D:5:      layout_cave_pods, minmay_temple_entry_proselytizer,
          gammafunk_ghost_split, serial_rivers, chequers_serial_rivers_marsh,
          chequers_serial_rivers_large_b, chequers_serial_rivers_small_a,
          chequers_serial_rivers_marsh
D:6:      layout_rooms, mainiacjoe_overflow_alcove_4
D:7:      layout_rooms, mainiacjoe_overflow_alcove_1,
          grunt_temple_overflow_open, serial_corexii_hall,
          corexii_hall_statues_u, chequers_hall_statues_wall_a,
          sigmund_edmund_badplayer
D:8:      layout_rooms, kiku_gazebo_pond_becter, dpeg_lair_monsters,
          st_stairs_4, uniq_gastronok, uniq_psyche
D:9:      layout_roguey, zombieorc2_lemuel
D:10:     layout_small_grid, nzn_hepliaklqana_mist_gate, serial_glass,
          glass_columns_b, glass_columns_b, due_unseen_surprise,
          minmay_strange_pillars, unseen_surprise_small, serial_shops,
          nicolae_shop_gaudy_bauble, special_room [special_room_bee],
          minmay_tree_intersection
D:11:     layout_roguey, uniq_grum
D:12:     layout_gridville, ebering_ghost_funeral_grove,
          bh_hangedman_babel_library
Temple:   nicolae_temple_figure_eight
Lair:1:   minmay_lair_oklob_chamber, layout_concentric_octagons
Lair:2:   layout_chaotic_city, infiniplex_staircase_pool_2, lemuel_fruit_tree,
          grunt_megastairs_1
Lair:3:   layout_roguey, swamp_mist, spider_nest_entry_funnel_web,
          nzn_ghost_randoct, grunt_megastairs_4
Lair:4:   gammafunk_cloud_chamber, layout_long_grid,
          nicolae_slime_entry_field_trip, enter_volcano_3, grunt_megastairs_3
Lair:5:   hellmonk_lair_end_abyssal_woods, layout_regular_city
Orc:1:    layout_caves, nicolae_shop_clearance
Orc:2:    grunt_orc_tribal_feast, layout_caves, gammafunk_ghost_split,
          uniq_saint_roka

Skill      XL: |  1  2  3  4  5  6  7  8  9 10 11 12 13 14 |
---------------+-------------------------------------------+-----
Armour         | 4 5 6 8 9 11 12 13 14 15 | 15.6
Fighting       | 4 5 7 9 10 12 13 14 | 14.3
Dodging        | 1 2 3 4 5 6 7 |  7.8
Long Blades    | 3 4 5 7 8 10 12 14 15 | 15.9
Shields        | 4 5 6 8 9 11 13 14 | 14.9
Stealth        | 1 2 |  2.6
Invocations    | 1 2 |  2.4
Unarmed Combat | |  0.1
Evocations     | |  0.6

Action                     |  1- 3 |  4- 6 |  7- 9 | 10-12 | 13-15 || total
---------------------------+-------+-------+-------+-------+-------++-------
  Melee: Long sword        |    92 |   174 |   257 |   352 |       ||   875
         Headbutt          |     9 |    18 |    64 |   162 |   182 ||   435
         Scimitar          |       |       |       |   264 |   688 ||   952
         Unarmed           |       |       |       |     5 |       ||     5
         Falchion          |       |       |       |     9 |     8 ||    17
 Invoke: Heroism           |       |       |     1 |     7 |     8 ||    16
  Evoke: Wand              |       |       |       |       |     1 ||     1
    Use: Potion            |     2 |       |     4 |     1 |     5 ||    12
         Scroll            |       |     2 |     3 |     5 |     7 ||    17
   Stab: Petrifying        |       |       |       |       |     1 ||     1
         Petrified         |       |       |       |       |     1 ||     1
 Armour: Scale mail        |    48 |    58 |       |       |       ||   106
         Chain mail        |       |    28 |   106 |   254 |   198 ||   586
         Skin              |       |       |       |     1 |       ||     1
         Plate armour      |       |       |       |       |   224 ||   224
  Dodge: Dodged            |    60 |    87 |   139 |   338 |   364 ||   988
  Block: Buckler           |    30 |    34 |    53 |   129 |       ||   246
         Kite shield       |       |       |       |    95 |   673 ||   768
